Map: Lightshade LE

Players

MaxPax - Winner!

  • Race: Protoss Protoss

Elazer

  • Race: Zerg Zerg

Event: DreamHack SC2 Masters 2021 Winter

VOD

Have the link to the VOD?

Description

Time

  • Played on: Oct. 14, 2021, 11:39 a.m.
  • Length: 10:41

All games in this series

Show
View Real Time Build Order
Export as new Build Order

MaxPax Protoss - Winner!

Build Orders: 1 Gate Expand, Mass Adepts 

Get SALT Encoding   

  12  0:00  Probe  
  13  0:12  Probe  
  14  0:20  Pylon  
  14  0:24  Probe  
  15  0:38  Probe (Chrono Boost)  
  15  0:41  Gateway  
  16  0:48  Assimilator, Probe (Chrono Boost)  
  17  0:53  Probe (Chrono Boost)  
  18  1:04  Probe  
  19  1:16  Probe  
  20  1:25  Nexus  
  20  1:35  Cybernetics Core  
  20  1:37  Probe  
  21  1:43  Assimilator  
  21  1:50  Probe  
  21  1:52  Pylon  
  22  2:02  Probe  
  23  2:09  Adept (Chrono Boost)  
  23  2:12  Warp Gate  
  23  2:14  Probe  
  26  2:22  Twilight Council  
  26  2:26  Probe  
  27  2:30  Stalker (Chrono Boost)  
  29  2:37  Probe (Chrono Boost)  
  29  2:39  Probe (Chrono Boost)  
  31  2:49  Probe (Chrono Boost)  
  33  2:52  Robotics Facility  
  33  2:56  Probe (Chrono Boost)  
  33  2:57  Probe (Chrono Boost)  
  34  3:02  Probe  
  34  3:03  Probe  
  36  3:08  Gateway  
  36  3:09  Resonating Glaives (Chrono Boost)  
  36  3:14  Probe  
  36  3:16  Probe  
  38  3:23  Gateway  
  38  3:26  Probe  
  39  3:28  Adept, Probe  
  42  3:35  Pylon  
  42  3:42  Warp Prism (Chrono Boost)  
  42  3:45  Probe  
  42  3:47  Probe  
  46  3:52  Pylon  
  46  3:53  Assimilator  
  46  3:57  Probe  
  47  4:04  Adept, Shield Battery  
  47  4:05  Probe  
  47  4:07  Adept  
  52  4:13  Robotics Bay  
  52  4:14  Probe  
  54  4:17  Observer  
  54  4:23  Probe  
  55  4:26  Probe, Pylon  
  55  4:29  Adept x3  
  62  4:33  Assimilator  
  62  4:40  Pylon  
  62  4:44  Probe x2  
  64  4:52  Adept  
  64  4:53  Adept x2  
  64  4:58  Probe x2, Pylon  
  72  5:08  Disruptor (Chrono Boost)  
  72  5:10  Probe  
  72  5:11  Probe  
  72  5:12  Gravitic Drive  
  77  5:22  Nexus  
  77  5:23  Probe  
  78  5:34  Disruptor (Chrono Boost)  
  78  5:35  Pylon  
  78  5:36  Adept  
  78  5:37  Adept  
  78  5:39  Probe  
  86  5:43  Pylon  
  86  5:53  Probe x2  
  88  5:57  Shield Battery  
  88  6:03  Blink, Forge  
  88  6:05  Gateway, Probe, Sentry  
  88  6:06  Sentry  
  88  6:08  Probe  
  88  6:10  Sentry  
  96  6:17  Probe  
  97  6:20  Probe  
  97  6:23  Gateway  
  98  6:28  Gateway  
  98  6:29  Probe  
  98  6:30  Colossus (Chrono Boost)  
  98  6:32  Probe  
  100  6:35  Probe  
  107  6:42  Protoss Ground Weapons Level 1  
  107  6:44  Probe  
  107  6:45  Extended Thermal Lance  
  104  7:04  Probe  
  103  7:09  Probe x2  
  103  7:10  Assimilator  
  103  7:11  Pylon  
  103  7:12  Assimilator  
  103  7:13  Colossus (Chrono Boost)  
  103  7:14  Gateway  
  111  7:17  Gateway  
  111  7:19  Pylon  
  111  7:20  Gateway  
  111  7:29  Probe  
  112  7:38  Stalker x6  
  112  7:42  Photon Cannon  
  120  7:46  Photon Cannon  
  120  7:48  Photon Cannon  
  120  7:49  Pylon  
  120  8:00  Pylon  
  120  8:02  Pylon  
  120  8:06  Stalker x6  
  132  8:23  Stalker x3  
  131  8:36  Stalker  
  131  8:40  Stalker x5  
  141  8:47  Stalker x3  
  137  8:57  Nexus  
  137  9:02  Stalker  
  137  9:05  Stalker x2  
  143  9:20  Stalker  
  143  9:21  Stalker x4  
  144  9:25  Adept  
  144  9:28  Stalker  
  144  9:32  Probe  
  135  9:50  Observer  
  123  9:56  Stalker  
  123  9:57  Stalker x8  
  131  10:03  Warp Prism (Chrono Boost)  
  117  10:26  Stalker x8  
Show
View Real Time Build Order
Export as new Build Order

Elazer Zerg 

Build Orders: Hatch First 

Get SALT Encoding   

  12  0:00  Drone  
  13  0:12  Overlord  
  13  0:16  Drone  
  14  0:30  Drone x2  
  16  0:47  Hatchery  
  15  0:50  Drone  
  15  0:54  Drone  
  17  0:57  Drone  
  18  1:07  Extractor  
  17  1:12  Spawning Pool  
  17  1:15  Drone  
  17  1:20  Drone  
  18  1:27  Drone  
  19  1:39  Drone  
  20  1:49  Overlord  
  20  1:59  Queen x2  
  20  2:00  Drone  
  20  2:01  Zergling x2  
  26  2:11  Drone, Zergling x2  
  26  2:12  Metabolic Boost  
  28  2:20  Drone  
  28  2:21  Drone  
  30  2:31  Drone x2  
  30  2:35  Queen  
  34  2:42  Drone  
  35  2:44  Overlord  
  35  2:53  Hatchery  
  35  2:57  Drone, Evolution Chamber  
  34  3:03  Overlord  
  35  3:06  Drone  
  35  3:07  Drone x3  
  35  3:08  Drone  
  35  3:12  Drone  
  41  3:17  Drone  
  41  3:18  Queen  
  44  3:23  Queen  
  46  3:28  Overlord  
  46  3:30  Overlord  
  46  3:33  Drone  
  46  3:34  Drone  
  48  3:47  Spore Crawler  
  52  3:48  Drone x6  
  52  3:52  Roach Warren  
  52  3:56  Zergling x6  
  52  4:01  Zergling x4  
  57  4:06  Zergling x2  
  57  4:09  Overlord  
  58  4:15  Zergling x8  
  62  4:18  Zergling x2  
  62  4:19  Zergling x2  
  62  4:22  Zergling x6  
  67  4:30  Zergling x6, Spore Crawler  
  69  4:41  Roach x5  
  79  4:47  Roach  
  79  4:49  Overlord  
  79  4:50  Zergling x2  
  82  4:54  Overlord  
  82  5:04  Overlord  
  89  5:07  Roach x4  
  89  5:11  Overlord  
  89  5:16  Overlord  
  89  5:17  Zergling x10  
  94  5:23  Zergling x2  
  94  5:24  Zergling x4  
  94  5:26  Overlord  
  94  5:27  Drone x2  
  99  5:30  Drone  
  99  5:33  Drone x4  
  104  5:35  Lair  
  104  5:36  Drone  
  104  5:42  Drone  
  105  5:43  Drone  
  105  5:44  Drone x3  
  105  5:47  Drone  
  109  5:52  Drone  
  110  5:58  Extractor  
  110  5:59  Drone x4, Extractor  
  110  6:03  Queen  
  114  6:04  Queen  
  114  6:06  Drone x2  
  114  6:08  Drone  
  114  6:10  Hatchery  
  118  6:11  Drone x2  
  118  6:18  Overlord  
  120  6:19  Drone x4  
  120  6:24  Extractor  
  123  6:27  Overlord  
  123  6:34  Drone x5  
  123  6:35  Extractor  
  123  6:37  Extractor, Glial Reconstitution  
  123  6:38  Infestation Pit  
  125  6:40  Evolution Chamber, Overlord  
  125  6:45  Overlord  
  124  6:52  Overlord  
  124  6:53  Drone x5  
  126  7:00  Overlord  
  123  7:02  Drone x6  
  123  7:10  Zerg Missile Weapons Level 1, Overlord  
  123  7:12  Roach x7  
  135  7:16  Hive, Queen  
  135  7:20  Queen  
  135  7:21  Queen  
  140  7:24  Drone  
  140  7:25  Drone x2  
  140  7:29  Drone x3  
  135  7:34  Drone x4  
  135  7:36  Drone x2  
  138  7:39  Drone x2  
  138  7:43  Drone x3  
  142  7:44  Drone  
  142  7:48  Overlord  
  142  7:55  Spire  
  142  7:56  Ravager x3  
  142  7:58  Drone  
  145  8:00  Baneling Nest  
  145  8:01  Roach x3  
  150  8:06  Roach x3  
  150  8:07  Ravager  
  157  8:16  Roach x6  
  169  8:22  Zergling x6  
  171  8:30  Roach x4  
  168  8:34  Roach  
  168  8:44  Roach x11  
  178  8:54  Roach x2  
  178  8:55  Roach x3  
  181  8:58  Overlord  
  179  9:03  Roach  
  179  9:04  Roach x2  
  179  9:05  Queen x3  
  179  9:09  Ravager x2  
  191  9:11  Zergling x2  
  191  9:12  Zergling x2  
  179  9:20  Roach x6  
  179  9:23  Roach  
  179  9:24  Roach  
  180  9:25  Zergling x16  
  180  9:26  Queen  
  188  9:33  Roach x3  
  181  9:45  Roach x7  
  172  9:52  Roach x6  
  140  10:01  Roach x5  
  140  10:06  Roach x3  
  137  10:11  Roach x2  
  129  10:20  Roach x4  

Tags
 
Add a new tag
Caveats
  • Supply blocks, unpowered buildings, or Contaminate may cause inaccurate times.
  • Supply counts are checked every 10 seconds.